 Dungeon Crawl Stone Soup version 0.23.2-40-g277498a001 (webtiles) character file.

Game seed: 1003790851652213233

259678 DildoBatman the Necromancer (level 21, 0/159 HPs)
             Began as a Formicid Wizard on Sept 12, 2019.
             Was an Initiate of Gozag.
             Slain by a death knight
             ... wielding a +0 great sword
              (21 damage)
             ... on level 2 of the Vaults on Sept 13, 2019.
             The game lasted 04:07:15 (41223 turns).

DildoBatman the Necromancer (Formicid Wizard)      Turns: 41223, Time: 04:07:16

Health: 0/159      AC: 15    Str: 17    XL:     21   Next: 18%
Magic:  34/35      EV: 16    Int: 27    God:    Gozag
Gold:   4023       SH: 14    Dex: 11    Spells: 18/48 levels left

rFire    + . .     SeeInvis +   a - +7 bardiche (flame)
rCold    + + .     Gourm    .   k - +0 shield
rNeg     . . .     Faith    .   W - +4 troll leather armour
rPois    .         Spirit   .   (helmet unavailable)
rElec    .         Reflect  .   T - scarf {repulsion}
rCorr    .         Harm     .   F - +0 pair of gloves
MR       ++...                  b - +2 pair of boots {run}
Stlth    +++.......             m - amulet of magic regeneration
HPRegen  1.76/turn              Q - ring of Aloesch {rF+ rC++ Str+4 Slay+5}
MPRegen  0.49/turn              s - +4 ring of slaying

@: gold aura, regenerating, studying 2 skills, repel missiles, quick
A: permanent stasis, dig shafts and tunnels, four strong arms, antennae 3,
talons 1, agile 1, low mp 1, screaming 1, evolution 2
}: 1/15 runes: gossamer
a: Dig, Shaft Self, Potion Petition, Call Merchant, Bribe Branch, Renounce
Religion


You were on level 2 of the Vaults.
You worshipped Gozag.
Gozag was most pleased with you.
You were full.

You visited 8 branches of the dungeon, and saw 34 of its levels.
You also visited: Ice Cave and Volcano.

You collected 12679 gold pieces.
You spent 2010 gold pieces at shops.
You paid 6646 gold pieces to Gozag.

Inventory:

Hand Weapons
 a - a +7 bardiche of flaming (weapon)
 d - the +7 hand crossbow "Kiobigan" {elec, rC+ MR- Int+8}
   (You found it on level 2 of the Elven Halls)

   It charges the ammunition it shoots with electricity; occasionally upon a
   hit, such missiles may discharge and cause terrible harm.
   It affects your intelligence (+8).
   It protects you from cold.
   It affects your resistance to hostile enchantments.
 N - the +5 rapier of a volcano {freeze, rPois}
   (You found it on level 1 of the Spider Nest)

   It has been specially enchanted to freeze those struck by it, causing extra
   injury to most foes and up to half again as much damage against particularly
   susceptible opponents.
   It can also slow down cold-blooded creatures.
   It protects you from poison.
Missiles
 t - 91 arrows
 u - 183 bolts
 D - 32 sling bullets
 R - 2 throwing nets (quivered)
Armour
 b - a +2 pair of boots of running (worn)
 k - a +0 shield (worn)
 F - a +0 pair of gloves (worn)
 T - a scarf of repulsion (worn)
 W - a +4 troll leather armour (worn)
Magical Staves
 y - an uncursed staff of energy
Jewellery
 g - the brooch of Shielding {Reflect SH+8}
   (You found it in an ice cave)

   [amulet of reflection]

   It shields you and reflects attacks.
   It affects your SH (+8).
 l - the ring "Siff" {rCorr Dex+5}
   (You found it on level 5 of the Dungeon)

   [ring of resist corrosion]

   It affects your dexterity (+5).
 m - an amulet of magic regeneration (around neck)
 s - a +4 ring of slaying (right hand)
 Q - the ring of Aloesch (left hand) {rF+ rC++ Str+4 Slay+5}
   (You found it on level 2 of the Vaults)

   [ring of slaying]

   It affects your strength (+4).
   It affects your accuracy and damage with ranged weapons and melee attacks
   (+5).
   It protects you from fire.
   It greatly protects you from cold.
 X - the ring of Fihief {+Fly rF++ Int+3 Stlth+}
   (You took it off an orc on level 12 of the Dungeon)

   [ring of intelligence]

   It affects your intelligence (+3).
   It greatly protects you from fire.
   It lets you fly.
   It makes you more stealthy.
Wands
 q - a wand of scattershot (17)
 A - a wand of paralysis (21)
 H - a wand of acid (8)
 K - a wand of iceblast (30)
 P - a wand of clouds (5)
Scrolls
 j - 5 scrolls of immolation
 x - 9 scrolls of remove curse
 z - 6 scrolls of identify
 C - 10 scrolls of magic mapping
 J - a scroll of fear
 O - 5 scrolls of fog
 U - 2 scrolls of summoning
 V - 3 scrolls of amnesia
Potions
 c - 5 potions of resistance
 f - 3 potions of ambrosia
 h - 5 potions of curing
 i - a potion of magic
 o - a potion of flight
 B - 3 potions of agility
 E - 3 potions of cancellation
 I - 5 potions of might
 M - 2 potions of brilliance
 S - 3 potions of invisibility
 Y - a potion of heal wounds
Books
 n - a manual of Charms
 G - a manual of Shields
Miscellaneous
 e - a lamp of fire
 p - a phantom mirror
 r - a fan of gales
 w - a lightning rod (4/4)
 L - a phial of floods
 Z - 3 sacks of spiders
Comestibles
 v - 20 rations


   Skills:
 - Level 12.0 Fighting
 - Level 5.0 Polearms
 - Level 11.0 Armour
 - Level 9.0 Dodging
 - Level 6.1 Stealth
 * Level 17.6 Shields
 - Level 14.0 Spellcasting
 - Level 6.0 Conjurations
 - Level 6.0 Hexes
 * Level 10.7 Charms
   Level 1.0 Summonings
 - Level 17.6 Necromancy
   Level 0.8 Translocations
 - Level 5.0 Fire Magic
 - Level 5.0 Air Magic
 - Level 8.0 Poison Magic
 - Level 6.0 Evocations


You had 18 spell levels left.
You knew the following spells:

 Your Spells              Type           Power        Failure   Level  Hunger
a - Conjure Flame         Conj/Fire      #####...     1%          3    None
c - Spectral Weapon       Hex/Chrm       ######..     1%          3    None
d - Regeneration          Chrm/Necr      #######...   1%          3    None
e - Mephitic Cloud        Conj/Pois/Air  ######..     1%          3    None
f - Vampiric Draining     Necr           #######...   0%          3    None
g - Necromutation         Tmut/Necr      ######....   99%         8    #######
h - Dispel Undead         Necr           #######.     1%          5    ##.....
z - Sublimation of Blood  Necr           #######...   0%          2    None

Your spell library contained the following spells:

 Spells                   Type           Power        Failure   Level  Hunger
 Animate Skeleton         Necr           N/A          0%          1    None
 Pain                     Necr           ####         0%          1    None
 Corpse Rot               Necr           N/A          0%          2    None
 Corona                   Hex            ######.      1%          1    None
 Flame Tongue             Conj/Fire      #####        1%          1    None
 Infusion                 Chrm           ####         1%          1    None
 Magic Dart               Conj           ####         1%          1    None
 Shock                    Conj/Air       ####         1%          1    None
 Ensorcelled Hibernation  Hex/Ice        #####.       1%          2    None
 Searing Ray              Conj           ######       1%          2    None
 Shroud of Golubria       Chrm/Tloc      ######....   1%          2    None
 Slow                     Hex            ######..     1%          2    None
 Song of Slaying          Chrm           ######..     1%          2    None
 Swiftness                Chrm/Air       ######..     1%          2    None
 Throw Flame              Conj/Fire      #####.       1%          2    None
 Confuse                  Hex            ######..     1%          3    None
 Dazzling Spray           Conj/Hex       ######       1%          3    None
 Ignite Poison            Fire/Tmut/Pois #####...     1%          3    None
 Inner Flame              Hex/Fire       #####...     1%          3    None
 Spider Form              Tmut/Pois      #####.....   1%          3    None
 Static Discharge         Conj/Air       #####...     1%          3    None
 Tukima's Dance           Hex            ######..     1%          3    None
 Animate Dead             Necr           N/A          1%          4    None
 Agony                    Necr           #######.     1%          5    ##.....
 Bolt of Draining         Conj/Necr      ######....   1%          5    ##.....
 Excruciating Wounds      Chrm/Necr      #######...   1%          5    ##.....
 Death Channel            Necr           #######...   1%          6    ####...
 Apportation              Tloc           ###...       2%          1    None
 Summon Butterflies       Summ           ###.....     2%          1    None
 Stone Arrow              Conj/Erth      #####.       2%          3    None
 Iskenderun's Mystic Bla  Conj           ######..     2%          4    None
 Beastly Appendage        Tmut           ###...       3%          1    None
 Sandblast                Erth           ###...       3%          1    None
 Call Imp                 Summ           ###.....     3%          2    None
 Sticky Flame             Conj/Fire      #####...     3%          4    None
 Iskenderun's Battlesphe  Conj/Chrm      ######..     3%          5    ##.....
 Passwall                 Tmut/Erth      ###.....     4%          2    None
 Sticks to Snakes         Tmut           ###.....     4%          2    None
 Airstrike                Air            #####.....   4%          4    None
 Venom Bolt               Conj/Pois      ######....   4%          5    ##.....
 Lesser Beckoning         Tloc           ###.......   7%          3    None
 Force Lance              Conj/Tloc      #####...     8%          4    None
 Fireball                 Conj/Fire      #####.....   10%         5    ##.....
 Lightning Bolt           Conj/Air       #####.....   10%         5    ##.....
 Borgnjor's Revivificati  Necr           #######...   16%         8    #######
 Infestation              Necr           #######...   16%         8    #######
 Alistair's Intoxication  Tmut/Pois      #####...     17%         5    ##.....
 Bolt of Magma            Conj/Fire/Erth #####.....   21%         5    ##.....
 Irradiate                Conj/Tmut      #####.....   26%         5    ##.....
 Ice Form                 Ice/Tmut       ###.....     32%         4    None
 Petrify                  Tmut/Erth      ###.....     32%         4    None
 Invisibility             Hex            ######..     38%         6    ####...
 Bolt of Fire             Conj/Fire      #####.....   45%         6    ####...
 Haunt                    Necr/Summ      ######....   52%         7    ######.
 Death's Door             Chrm/Necr      #######...   54%         8    #######
 Blade Hands              Tmut           ###.......   65%         5    ##.....
 Lee's Rapid Deconstruct  Erth           ###.......   65%         5    ##.....
 Ring of Flames           Chrm/Fire      ######....   73%         7    ######.
 Iron Shot                Conj/Erth      #####.....   82%         6    ####...
 Orb of Destruction       Conj           ######....   93%         7    ######.
 Spellforged Servitor     Conj/Summ      #####.....   100%        7    ######.
 Ignition                 Fire           #####.....   100%        8    #######
 Blink                    Tloc           Unusable     N/A         2    N/A

Dungeon Overview and Level Annotations

Branches:
Dungeon (15/15)            Temple (1/1) D:7            Lair (6/6) D:8
  Swamp (1/4) Lair:2       Spider (4/4) Lair:3        Slime (0/5) Lair:5
    Orc (2/2) D:12            Elf (3/3) Orc:2        Vaults (2/5) D:14
  Crypt (0/3) Vaults:2     Depths (0/5) D:15

Altars:
Ashenzari
Cheibriados
Dithmenos
Elyvilon
Fedhas
Gozag
Hepliaklqana
Kikubaaqudgha
Makhleb
Nemelex Xobeh
Okawaru
Qazlal
Ru
Sif Muna
Trog
Uskayaw
Vehumet
Wu Jian
Xom
Yredelemnul
Zin
The Shining One
Jiyva

Shops:
D:5 %   D:7 (   D:8 *   D:11 [   Orc:1 (   Orc:2 ?:[*   Elf:2 *?
Elf:3 :*=[(:(   Vaults:2 [

Portals:
Trove: Elf:3 (give 24 scrolls of identify)

Annotations:
D:14 1 runed translucent door, Hylith's ghost, journeyman GrEE
Elf:2 1 runed translucent door


Innate Abilities, Weirdness & Mutations

You cannot be hasted, slowed, berserked, paralysed or teleported.
You can dig through walls and to a lower floor.
Your four strong arms can wield two-handed weapons with a shield.
You have a pair of large antennae on your head. (SInv)
You have sharp toenails.
You are agile. (Dex +2)
Your magical capacity is low. (-10% MP)
You occasionally shout uncontrollably at your foes.
You rapidly evolve.


Message History

The ice dragon closely misses you. The ice dragon tramples you.
You stumble backwards!
You barely miss the ice dragon.
The ice dragon is severely wounded.
Your spectral weapon hits the ice dragon!
Your spectral weapon burns the ice dragon.
You block the ice dragon's attack. The ice dragon claws you!
The ice dragon tramples you but does no damage.
The death knight hits you with a +0 great sword!!
The ice dragon bites you. The ice dragon barely misses you.
The ice dragon tramples you but does no damage.
You slice the ice dragon!! You burn the ice dragon.
You kill the ice dragon!
The death knight hits you with a +0 great sword!!
You die...
Your body crumbles into a pile of gold.

....#.# #..#.#..#.#
....#.# #).#.'..#.#
.####.# #..#.#..#.#
.#....# #..'.####.#
'############......+
.........#.....#####
.........'....)))).#
.........#####)#)..#
.........#...[)#@(.#
.........#...#.#p$.#
####.....#...#.#...#
#.....########'######
#.....# #......#
#.....# #..#....#
#.[...# #...#./..#
#.....# #..### ...#
#.....# #... ##.#


You could see a death knight (confused) and a friendly spectral +7 bardiche of
flaming.

Vanquished Creatures
  Arachne (Spider:4)
  3 deep elf blademasters
  2 deep elf master archers (Elf:3)
  Gastronok (Orc:1)
  Agnes (Elf:2)
  3 ghost moths
  4 deep elf sorcerers
  A frost giant (Vaults:2)
  2 orc warlords (Orc:1)
  3 deep elf elementalists (Elf:3)
  7 emperor scorpions
  4 ironheart preservers (Vaults:2)
  A stone giant (Vaults:2)
  6 entropy weavers
  9 deep elf demonologists
  2 spark wasps (Spider:3)
  7 deep elf annihilators
  5 deep elf death magi (Elf:3)
  2 yaktaur captains (Vaults:2)
  An ettin (Orc:1)
  3 deep elf high priests (Elf:3)
  3 fire dragons
  A great orb of eyes (D:14)
  12 hydras
  3 ghost crabs (Lair:4)
  The ghost of raetorn the Grappler, a journeyman DrTm of Ru (Lair:1)
  3 ice dragons
  A vault guard (D:14)
  6 centaur warriors
  10 two-headed ogres
  2 ogre magi
  7 orc high priests
  A hell knight (Volcano)
  Nergalle (D:10)
  A fire crab (shapeshifter) (Vaults:1)
  5 fire crabs (Lair:4)
  25 deep elf knights
  2 skeletal warriors (D:15)
  A shadow wraith (D:14)
  17 deep elf archers
  A glowing orange brain (Vaults:2)
  An obsidian statue (Volcano)
  A phantasmal warrior (D:15)
  A swamp dragon (Swamp:1)
  An ironbrand convoker (Vaults:2)
  2 lindwurms
  2 wizards
  17 orb spiders
  A necromancer (D:15)
  6 orc sorcerers
  5 cyclopes
  2 oklob plants (Lair:2)
  A salamander (shapeshifter) (Vaults:2)
  5 orc knights
  11 ugly things
  28 wolf spiders
  54 deep elf magi
  6 black mambas
  Joseph (D:8)
  2 moths of wrath
  2 ice statues (IceCv)
  A stone giant skeleton (D:15)
  Maurice (Orc:2)
  5 elephants (Lair:5)
  5 vault sentinels
  A black mamba (shapeshifter) (D:14)
  An apocalypse crab (Lair:4)
  2 gargoyles
  2 torpor snails
  14 spiny frogs
  5 rime drakes
  4 yaktaurs
  A freezing wraith (D:14)
  19 komodo dragons
  3 death yak skeletons
  11 demonic crawlers
  3 meliai (D:12)
  8 trolls
  4 red devils (D:15)
  2 hydra skeletons (Lair:2)
  42 jumping spiders
  The ghost of EtherCrawl the Grasshopper, an amateur GnWr (D:4)
  A queen bee (D:12)
  A troll (shapeshifter) (Vaults:1)
  3 polar bears
  17 slime creatures
  7 hippogriffs
  10 dream sheep (Lair:6)
  13 hornets
  24 blink frogs
  A frost giant simulacrum (Vaults:2)
  A meliai zombie (D:11)
  A bog body (Swamp:1)
  A fire dragon zombie (D:15)
  A black mamba zombie (Lair:2)
  An ice dragon skeleton (D:15)
  88 redbacks
  13 spriggans
  An ettin skeleton (D:15)
  2 centaur simulacra
  30 yaks
  5 air elementals
  26 tarantellas
  5 wyverns
  A fire elemental (D:10)
  2 wraiths
  3 black mamba skeletons
  6 fire bats (Volcano)
  4 basilisks
  10 vampire mosquitoes
  An elf zombie (D:13)
  3 hungry ghosts
  2 steam dragons
  A swamp worm (Swamp:1)
  A soldier ant (D:14)
  3 wargs
  2 spiny frog zombies (Lair:2)
  11 water moccasins
  8 porcupines
  25 ice beasts
  5 spiny frog skeletons
  43 orc warriors
  A hornet zombie (D:2)
  9 sky beasts
  22 ogres
  5 black bears
  A dream sheep zombie (Lair:4)
  3 phantoms
  3 blink frog zombies
  10 centaurs
  30 wolves
  8 boggarts
  A blink frog skeleton (Lair:4)
  20 crocodiles
  A dream sheep skeleton (Lair:4)
  A rime drake skeleton (IceCv)
  3 big kobolds
  2 komodo dragon zombies
  An earth elemental (D:10)
  12 bullfrogs
  A cyclops zombie (D:13)
  A fire crab zombie (Lair:2)
  13 scorpions
  6 water moccasin skeletons
  26 killer bees
  A yak zombie (Lair:2)
  4 yak skeletons
  3 electric eels
  10 wights
  5 howler monkeys
  2 polar bear skeletons
  4 lava snakes (Volcano)
  6 crimson imps
  2 bullfrog zombies
  A quasit (D:10)
  A wolf skeleton (Lair:3)
  4 centaur zombies
  9 hounds
  3 centaur skeletons
  40 orc priests
  3 jellies
  41 orc wizards
  6 bullfrog skeletons
  A basilisk skeleton (Lair:4)
  5 iguanas
  7 worker ants
  3 crocodile zombies
  2 killer bee zombies
  A crocodile skeleton (Lair:3)
  2 deep dwarf skeletons (Lair:4)
  2 hound skeletons (D:4)
  4 gnolls (D:3)
  2 howler monkey skeletons
  16 adders
  4 shadow imps
  An ooze (D:1)
  An adder zombie (D:4)
  2 adder skeletons
  4 worms
  4 dart slugs
  4 leopard geckos
  127 orcs
  6 giant cockroaches
  7 goblins
  11 hobgoblins
  7 jackals
  7 quokkas
  2 ball pythons
  6 bats
  2 frilled lizards
  11 kobolds
  A leopard gecko skeleton (D:8)
  A quokka zombie (D:7)
  6 rats
  A fungus (D:8)
  A plant (Lair:6)
  13 spectral weapons
1437 creatures vanquished.

Vanquished Creatures (collateral kills)
  A hornet (Lair:6)
  3 redbacks (Spider:3)
  A black bear (D:8)
  A killer bee (D:12)
  An orc wizard (D:8)
7 creatures vanquished.

Vanquished Creatures (others)
  25 dancing weapons
  A deep elf archer (Elf:2)
  An orb spider (Spider:4)
  A jumping spider (Spider:1)
  2 tarantellas
  2 redbacks (Spider:2)
  A water elemental (D:10)
  A bullfrog (Lair:1)
  A wight (D:10)
  3 lava snakes (Volcano)
  An orc (Elf:2)
  17 fungi
  2 plants
  48 spectral weapons
106 creatures vanquished.

Grand Total: 1550 creatures vanquished

Notes
Turn   | Place    | Note
-------+----------+-------------------------------------------
     0 | D:1      | DildoBatman the Formicid Wizard began the quest for the
                  | Orb.
     0 | D:1      | Reached XP level 1. HP: 13/13 MP: 4/4
   108 | D:1      | Reached skill level 1 in Conjurations
   196 | D:1      | Reached XP level 2. HP: 19/19 MP: 6/6
   340 | D:1      | Reached XP level 3. HP: 24/24 MP: 5/7
   345 | D:1      | Learned a level 3 spell: Conjure Flame
   349 | D:1      | Learned a level 3 spell: Mephitic Cloud
  1011 | D:2      | Reached XP level 4. HP: 17/30 MP: 0/8
  1488 | D:2      | Reached XP level 5. HP: 26/35 MP: 1/9
  1860 | D:3      | Reached skill level 5 in Conjurations
  1860 | D:3      | Reached XP level 6. HP: 41/41 MP: 6/10
  2121 | D:3      | Found a faded altar of an unknown god.
  2121 | D:3      | Found a shimmering altar of Xom.
  2147 | D:3      | Found a burning altar of Makhleb.
  2149 | D:3      | Found a faded altar of an unknown god.
  2151 | D:3      | Found a glowing golden altar of the Shining One.
  2617 | D:4      | Noticed an orc warrior
  2920 | D:4      | Reached XP level 7. HP: 44/46 MP: 7/11
  3008 | D:4      | Reached skill level 1 in Poison Magic
  3295 | D:4      | Found a transporter.
  3295 | D:4      | Noticed EtherCrawl's ghost (amateur GnWr)
  3514 | D:4      | Found a transporter.
  3675 | D:5      | Entered Level 5 of the Dungeon
  3886 | D:5      | Reached skill level 1 in Fire Magic
  3886 | D:5      | Reached skill level 1 in Air Magic
  4138 | D:5      | Found Gaxenoi's Food Emporium.
  4283 | D:5      | Got a wavering iron ring
  4285 | D:5      | Identified the ring "Siff" {rCorr Dex+5} (You found it on
                  | level 5 of the Dungeon)
  4766 | D:6      | Noticed a hungry ghost
  4802 | D:5      | Reached XP level 8. HP: 46/52 MP: 3/12
  5451 | D:5      | Reached skill level 5 in Stealth
  5805 | D:6      | Reached skill level 5 in Poison Magic
  5951 | D:6      | Reached XP level 9. HP: 51/57 MP: 10/13
  6705 | D:7      | Found a staircase to the Ecumenical Temple.
  6714 | Temple   | Entered the Ecumenical Temple
  6986 | Temple   | Became a worshipper of Kikubaaqudgha
  7053 | D:7      | Found Imita Udy's Antique Weapon Shoppe.
  7532 | D:7      | Reached skill level 5 in Fire Magic
  7838 | D:6      | Reached skill level 5 in Air Magic
  8277 | D:4      | Reached skill level 5 in Spellcasting
  8336 | D:4      | Reached * piety under Kikubaaqudgha
  8336 | D:4      | Identified Kikubaaqudgha's Disquisition on Sinister Arts
                  | (Kikubaaqudgha gifted it to you on level 4 of the Dungeon)
  8336 | D:4      | Received a gift from Kikubaaqudgha
  8501 | D:3      | Reached XP level 10. HP: 63/63 MP: 11/18
  8630 | D:4      | Killed EtherCrawl's ghost
  8880 | D:8      | Reached skill level 1 in Necromancy
  8969 | D:8      | Noticed Joseph
  8991 | D:8      | Killed Joseph
  9014 | D:8      | Learned a level 3 spell: Vampiric Draining
  9148 | D:8      | Reached skill level 5 in Necromancy
  9182 | D:8      | Found Ver Ses's General Store.
  9272 | D:8      | Found a staircase to the Lair.
  9326 | D:8      | Found a basalt altar of Yredelemnul.
  9380 | D:8      | Reached ** piety under Kikubaaqudgha
  9577 | D:8      | Noticed a two-headed ogre
  9613 | D:8      | Killed a two-headed ogre
  9765 | D:8      | Reached XP level 11. HP: 68/68 MP: 15/21
  9917 | D:8      | Bought a scroll of identify for 30 gold pieces
 10621 | D:9      | Found a sacrificial altar of Ru.
 10960 | D:9      | Reached skill level 1 in Fighting
 10960 | D:9      | Reached skill level 1 in Armour
 11116 | D:10     | Entered Level 10 of the Dungeon
 11400 | D:10     | Reached *** piety under Kikubaaqudgha
 11400 | D:10     | Identified Kikubaaqudgha's Papyrus of Evil Rites
                  | (Kikubaaqudgha gifted it to you on level 10 of the Dungeon)
 11400 | D:10     | Received a gift from Kikubaaqudgha
 11473 | D:10     | Learned a level 5 spell: Dispel Undead
 11476 | D:10     | Learned a level 2 spell: Sublimation of Blood
 11569 | D:10     | Noticed Nergalle
 11584 | D:10     | Killed Nergalle
 11755 | D:10     | Found a large runed translucent door.
 11756 | D:10     | Found a large runed translucent door.
 12058 | D:11     | Noticed a six-headed hydra
 12138 | D:11     | Noticed a cyclops
 12174 | D:11     | Killed a cyclops
 12210 | D:11     | Found Juteozaf's Armour Emporium.
 12330 | D:11     | Noticed a two-headed ogre
 12385 | D:11     | Killed a two-headed ogre
 12385 | D:11     | Reached skill level 5 in Fighting
 12385 | D:11     | Reached skill level 5 in Armour
 12385 | D:11     | Reached XP level 12. HP: 48/86 MP: 14/22
 13427 | D:12     | Reached **** piety under Kikubaaqudgha
 13466 | D:12     | Found a staircase to the Orcish Mines.
 13852 | D:12     | Identified the ring of Fihief {+Fly rF++ Int+3 Stlth+}
 13958 | D:12     | Reached skill level 5 in Dodging
 14129 | D:12     | Reached ***** piety under Kikubaaqudgha
 14252 | D:12     | Noticed a deep elf knight
 14400 | D:12     | Killed a deep elf knight
 14566 | D:12     | Reached XP level 13. HP: 99/99 MP: 18/23
 14816 | Orc:1    | Entered Level 1 of the Orcish Mines
 14938 | Orc:1    | Noticed an ettin
 14977 | Orc:1    | Killed an ettin
 15104 | Orc:1    | Noticed an orc warlord
 15270 | Orc:1    | Killed an orc warlord
 15270 | Orc:1    | Reached skill level 10 in Fighting
 15425 | Orc:2    | Entered Level 2 of the Orcish Mines
 15587 | Orc:2    | Found a staircase to the Elven Halls.
 15726 | Orc:2    | Found a dark tunnel.
 15765 | Orc:2    | Noticed Maurice
 15780 | Orc:2    | Killed Maurice
 15869 | Orc:2    | Reached skill level 5 in Shields
 15987 | Volcano  | Entered a volcano
 16197 | Volcano  | Noticed a centaur warrior
 16203 | Volcano  | Killed a centaur warrior
 16255 | Volcano  | Found a bloodstained altar of Trog.
 16843 | Orc:2    | Reached XP level 14. HP: 90/110 MP: 25/27
 16862 | Orc:2    | Reached ****** piety under Kikubaaqudgha
 16972 | D:12     | Received a gift from Kikubaaqudgha
 16976 | D:12     | Fell from the grace of Kikubaaqudgha
 17092 | Temple   | Became a worshipper of Gozag Ym Sagoz the Greedy
 17560 | Orc:2    | Found Turenec's General Store.
 17560 | Orc:2    | Found Hyrryram's Magic Scroll Shop.
 17560 | Orc:2    | Found Haceceb's Antique Armour Boutique.
 17563 | Orc:2    | Found Leneipn's Book Shop.
 17568 | Orc:2    | Bought a scroll of identify for 32 gold pieces
 17568 | Orc:2    | Bought a scroll of identify for 32 gold pieces
 17568 | Orc:2    | Bought a scroll of magic mapping for 56 gold pieces
 18012 | Orc:1    | Noticed Gastronok
 18060 | Orc:1    | Killed Gastronok
 18061 | Orc:1    | Noticed an orc warlord
 18076 | Orc:1    | Killed an orc warlord
 18076 | Orc:1    | Reached skill level 10 in Spellcasting
 18109 | Orc:1    | HP: 5/110 [demonic crawler[a deep elf mage] (5)]
 18245 | Orc:1    | Found Ebilel's Weapon Shop.
 18874 | D:13     | Reached skill level 10 in Necromancy
 18885 | D:13     | Learned a level 8 spell: Necromutation
 19329 | Lair:1   | Entered Level 1 of the Lair of Beasts
 19926 | Lair:1   | Found a runed translucent door.
 19926 | Lair:1   | Noticed raetorn's ghost (journeyman DrTm)
 20425 | Lair:2   | Got a dazzling morningstar
 20426 | Lair:2   | Identified the +2 morningstar of Pathri {drain, +Rage MR+}
                  | (You found it on level 2 of the Lair of Beasts)
 20503 | Lair:2   | Found a staircase to the Swamp.
 20698 | Lair:2   | Reached XP level 15. HP: 97/115 MP: 29/29
 21061 | Lair:2   | Learned a level 3 spell: Spectral Weapon
 21064 | Lair:2   | Gained mutation: Your magical capacity is low. (-10% MP)
                  | [potion of mutation]
 21064 | Lair:2   | Gained mutation: You have large cloven feet. [potion of
                  | mutation]
 21064 | Lair:2   | Gained mutation: You are partially covered in icy blue
                  | scales. (AC +2) [potion of mutation]
 21065 | Lair:2   | Lost mutation: Your magical capacity is low. (-10% MP)
                  | [potion of mutation]
 21065 | Lair:2   | Lost mutation: You have large cloven feet. [potion of
                  | mutation]
 21065 | Lair:2   | Gained mutation: Your spells are a little easier to cast,
                  | but a little less powerful. [potion of mutation]
 21065 | Lair:2   | Gained mutation: You expend magic power (3 MP) to
                  | strengthen your wands. [potion of mutation]
 21066 | Lair:2   | Lost mutation: You expend magic power (3 MP) to strengthen
                  | your wands. [potion of mutation]
 21066 | Lair:2   | Lost mutation: You are partially covered in icy blue
                  | scales. (AC +2) [potion of mutation]
 21066 | Lair:2   | Lost mutation: Your spells are a little easier to cast, but
                  | a little less powerful. [potion of mutation]
 21066 | Lair:2   | Gained mutation: Your flesh is heat resistant. (rF+)
                  | [potion of mutation]
 21066 | Lair:2   | Gained mutation: You evolve. [potion of mutation]
 21066 | Lair:2   | Gained mutation: You are resistant to hostile enchantments.
                  | (MR+) [potion of mutation]
 21066 | Lair:2   | Gained mutation: Your natural rate of healing is unusually
                  | fast. [potion of mutation]
 21254 | Lair:2   | Learned a level 3 spell: Regeneration
 21608 | Lair:3   | Reached skill level 1 in Hexes
 21620 | Lair:3   | Found a hole to the Spider Nest.
 21650 | Lair:3   | Reached skill level 1 in Charms
 22747 | Lair:4   | Reached skill level 5 in Hexes
 22839 | Lair:4   | Gained mutation: You are frail. (-10% HP) [evolution]
 23170 | Lair:4   | Found a runed translucent door.
 23299 | Lair:4   | Reached skill level 5 in Charms
 23589 | Lair:4   | Got a scorched long sword
 23591 | Lair:4   | Got a shimmering silver ring
 23897 | Lair:4   | Identified the cursed +3 long sword of Cowardice {pain, rN+
                  | Str+4} (You found it on level 4 of the Lair of Beasts)
 23911 | Lair:4   | Identified the ring "Nanixa" {rF+ rN+++ MP+9 Dex-4 SInv}
                  | (You found it on level 4 of the Lair of Beasts)
 23930 | Lair:5   | Lost mutation: You are frail. (-10% HP) [evolution]
 24042 | Lair:5   | Found a frozen archway.
 24076 | IceCv    | Entered an ice cave
 24423 | IceCv    | Reached XP level 16. HP: 81/122 MP: 21/30
 24428 | IceCv    | Found the brooch of Shielding {Reflect SH+8}
 24659 | IceCv    | Was forgiven by Kikubaaqudgha
 25090 | Lair:5   | Found a viscous altar of Jiyva.
 25090 | Lair:5   | Found a staircase to the Slime Pits.
 25456 | Lair:6   | Entered Level 6 of the Lair of Beasts
 25907 | Lair:6   | Reached skill level 15 in Necromancy
 26623 | Lair:6   | Gained mutation: You occasionally shout uncontrollably at
                  | your foes. [evolution]
 26781 | Lair:1   | Killed raetorn's ghost
 27310 | D:14     | Found a runed translucent door.
 27311 | D:14     | Noticed Hylith's ghost (journeyman GrEE)
 27352 | D:14     | Reached skill level 1 in Polearms
 27874 | D:14     | Reached skill level 5 in Polearms
 27877 | D:14     | Reached skill level 1 in Evocations
 27893 | D:14     | Found a gate to the Vaults.
 28224 | D:15     | Entered Level 15 of the Dungeon
 28291 | D:15     | Found a staircase to the Depths.
 28317 | D:15     | Reached XP level 17. HP: 79/128 MP: 14/31
 28455 | D:15     | Reached skill level 5 in Evocations
 29233 | Spider:1 | Entered Level 1 of the Spider Nest
 29526 | Spider:1 | Got a shimmering rapier
 29527 | Spider:1 | Identified the +5 rapier of a volcano {freeze, rPois} (You
                  | found it on level 1 of the Spider Nest)
 31262 | Spider:3 | Reached XP level 18. HP: 24/134 MP: 29/34
 31349 | Spider:3 | Gained mutation: You sometimes yell uncontrollably at your
                  | foes. [evolution]
 31642 | Spider:4 | Entered Level 4 of the Spider Nest
 31658 | Spider:4 | Noticed Arachne
 31756 | Spider:4 | Killed Arachne
 32393 | Spider:4 | Reached skill level 10 in Shields
 33564 | Spider:4 | Got a gossamer rune of Zot
 33873 | Swamp:1  | Entered Level 1 of the Swamp
 34115 | Elf:1    | Entered Level 1 of the Elven Halls
 34609 | Elf:1    | Reached XP level 19. HP: 134/140 MP: 35/37
 34846 | Elf:1    | Identified Cohergh's Disquisition on Battle Magic
 35211 | Elf:2    | Found Sameuxtorch's Magic Scroll Shop.
 35278 | Elf:1    | Reached skill level 15 in Shields
 35386 | Elf:2    | Found Puthiod's General Store.
 35637 | Elf:2    | Found a runed translucent door.
 35812 | Elf:2    | Bought a scroll of identify for 32 gold pieces
 35812 | Elf:2    | Bought a scroll of identify for 32 gold pieces
 35812 | Elf:2    | Bought a scroll of identify for 32 gold pieces
 35812 | Elf:2    | Bought a scroll of identify for 32 gold pieces
 35812 | Elf:2    | Bought a scroll of enchant armour for 120 gold pieces
 35817 | Elf:2    | Got an ichor-stained hand crossbow
 35894 | Elf:2    | Bought a scroll of identify for 30 gold pieces
 35932 | Elf:2    | Found a runed translucent door.
 36053 | Elf:2    | Identified the +7 hand crossbow "Kiobigan" {elec, rC+ MR-
                  | Int+8} (You found it on level 2 of the Elven Halls)
 36067 | Elf:2    | Noticed Agnes
 36179 | Elf:2    | Killed Agnes
 36179 | Elf:2    | Reached skill level 10 in Armour
 36211 | Elf:2    | Noticed a deep elf blademaster
 36239 | Elf:2    | Killed a deep elf blademaster
 36355 | Elf:2    | Gained mutation: You are highly resistant to hostile
                  | enchantments. (MR++) [evolution]
 36355 | Elf:2    | Lost mutation: You evolve. [end of evolution]
 36833 | Elf:3    | Entered Level 3 of the Elven Halls
 36838 | Elf:3    | Found Guaxapt's Antique Weapon Shop.
 36841 | Elf:3    | Bought a bloodstained long sword for 340 gold pieces
 36841 | Elf:3    | Bought an iridescent mace for 320 gold pieces
 37288 | Elf:3    | Found a portal to a secret trove of treasure.
 37513 | Elf:3    | Reached XP level 20. HP: 74/151 MP: 38/38
 37656 | Elf:3    | Identified the +7 long sword of the Ships {vamp, *Rage
                  | rElec rPois rF++} (You bought it in a shop on level 3 of
                  | the Elven Halls)
 37659 | Elf:3    | Identified the +1 mace "Momisien" {crush, +Rage rF+ Str+2}
                  | (You bought it in a shop on level 3 of the Elven Halls)
 38070 | Elf:3    | Identified the amulet of Bodily Harmony {Reflect Str+2 SH+2
                  | Stlth+}
 38169 | Elf:3    | Identified the +6 scale mail of the Eleven People {Int+5}
 38243 | Elf:3    | Identified the +11 flail of Eternity {freeze, Str+9 Dex+3}
 38709 | Elf:3    | Got a crude wooden ring
 38714 | Elf:3    | Identified Witchery in Simple Steps
 38748 | Elf:3    | Identified the cursed ring "Leph" {*Corrode EV-2 Str+3
                  | Int+5 Dex+4} (You found it on level 3 of the Elven Halls)
 38792 | Elf:3    | Got a transparent halberd
 38795 | Elf:3    | Got a twisted broad axe
 38797 | Elf:3    | Got a polished longbow
 38820 | Elf:3    | Got a bone executioner's axe
 38835 | Elf:3    | Identified the cursed +2 halberd of Yreuffoi {venom, Str+2}
                  | (You found it on level 3 of the Elven Halls)
 38838 | Elf:3    | Identified the +4 broad axe of Uncertain Death {pain, Int+3
                  | Dex+2} (You found it on level 3 of the Elven Halls)
 38840 | Elf:3    | Identified the +11 longbow "Giemir" {venom, Int+4} (You
                  | found it on level 3 of the Elven Halls)
 38841 | Elf:3    | Identified the +8 executioner's axe of the Wasteland {elec,
                  | Dex+3} (You found it on level 3 of the Elven Halls)
 38950 | Elf:3    | Bought a +2 pair of boots of running for 622 gold pieces
 38957 | Elf:3    | Bought a scroll of identify for 50 gold pieces
 38957 | Elf:3    | Bought a scroll of identify for 50 gold pieces
 38957 | Elf:3    | Bought a potion of curing for 75 gold pieces
 38957 | Elf:3    | Bought a bound marble ring for 125 gold pieces
 38959 | Elf:3    | Identified the ring of Xodyuri {Wiz Str+4 Dex+2} (You
                  | bought it in a shop on level 3 of the Elven Halls)
 38989 | Elf:3    | Lost mutation: You are highly resistant to hostile
                  | enchantments. (MR++) [potion of mutation]
 38989 | Elf:3    | Lost mutation: Your flesh is heat resistant. (rF+) [potion
                  | of mutation]
 38989 | Elf:3    | Gained mutation: You passively map a small area around you.
                  | [potion of mutation]
 38990 | Elf:3    | Lost mutation: You are resistant to hostile enchantments.
                  | (MR+) [potion of mutation]
 38990 | Elf:3    | Lost mutation: You sometimes yell uncontrollably at your
                  | foes. [potion of mutation]
 38990 | Elf:3    | Lost mutation: You passively map a small area around you.
                  | [potion of mutation]
 38990 | Elf:3    | Lost mutation: You occasionally shout uncontrollably at
                  | your foes. [potion of mutation]
 38990 | Elf:3    | Gained mutation: You occasionally shout uncontrollably at
                  | your foes. [potion of mutation]
 38990 | Elf:3    | Gained mutation: You are agile. (Dex +2) [potion of
                  | mutation]
 38990 | Elf:3    | Gained mutation: Your mind is acute. (Int +2) [potion of
                  | mutation]
 38991 | Elf:3    | Lost mutation: Your mind is acute. (Int +2) [potion of
                  | mutation]
 38991 | Elf:3    | Lost mutation: Your natural rate of healing is unusually
                  | fast. [potion of mutation]
 38991 | Elf:3    | Gained mutation: You evolve. [potion of mutation]
 38991 | Elf:3    | Gained mutation: You rapidly evolve. [potion of mutation]
 38991 | Elf:3    | Gained mutation: You have sharp toenails. [potion of
                  | mutation]
 39199 | Vaults:1 | Entered Level 1 of the Vaults
 40101 | Vaults:1 | Gained mutation: Your magical capacity is low. (-10% MP)
                  | [evolution]
 40335 | Vaults:2 | Found Ybifez's Armour Shop.
 40362 | Vaults:2 | Found a staircase to the Crypt.
 40362 | Vaults:2 | Found a basalt altar of Yredelemnul.
 40363 | Vaults:2 | Found an ancient bone altar of Kikubaaqudgha.
 40805 | Vaults:2 | Reached XP level 21. HP: 73/159 MP: 19/35
 40813 | Vaults:2 | Reached skill level 10 in Charms
 40912 | Vaults:2 | Got a pitted granite ring
 40914 | Vaults:2 | Identified the ring of Aloesch {rF+ rC++ Str+4 Slay+5} (You
                  | found it on level 2 of the Vaults)
 41223 | Vaults:2 | Slain by a death knight

Skill      XL: |  1  2  3  4  5  6  7  8  9 10 11 12 13 14 15 16 17 18 19 20 21 |
---------------+----------------------------------------------------------------+-----
Conjurations   | 1 2 3 4 5 6 |  6.0
Poison Magic   | 3 5 6 8 |  8.0
Fire Magic     | 2 3 5 |  5.0
Air Magic      | 1 3 5 |  5.0
Stealth        | 3 5 6 |  6.1
Spellcasting   | 5 7 9 10 12 14 | 14.0
Necromancy     | 6 8 11 13 15 16 17 | 17.6
Shields        | 4 8 9 13 15 16 17 | 17.6
Dodging        | 3 6 7 8 9 |  9.0
Fighting       | 5 8 10 11 12 | 12.0
Armour         | 5 8 9 10 11 | 11.0
Hexes          | 6 |  6.0
Charms         | 6 9 10 | 10.7
Polearms       | 5 |  5.0
Evocations     | 3 6 |  6.0
Summonings     | |  1.0
Translocations | |  0.8

Action                   |  1- 3 |  4- 6 |  7- 9 | 10-12 | 13-15 | 16-18 | 19-21 || total
-------------------------+-------+-------+-------+-------+-------+-------+-------++-------
Melee: Dagger            |    31 |       |       |       |   768 |       |       ||   799
       Mace              |    10 |     7 |       |       |       |       |       ||    17
       Rapier            |       |       |   154 |   369 |   264 |     8 |       ||   795
       Halberd           |       |       |    14 |    21 |       |       |       ||    35
       Whip              |       |       |     5 |       |       |       |       ||     5
       Bardiche          |       |       |       |       |    21 |   658 |   633 ||  1312
       Long sword        |       |       |       |       |   112 |   226 |       ||   338
 Fire: Hunting sling     |       |    94 |     4 |    28 |       |       |       ||   126
       Shortbow          |       |       |       |     7 |    10 |       |       ||    17
       Arbalest          |       |       |       |       |    12 |       |       ||    12
 Cast: Magic Dart        |    40 |    58 |    93 |    87 |    65 |       |       ||   343
       Conjure Flame     |       |     7 |     8 |    74 |   104 |    61 |    45 ||   299
       Mephitic Cloud    |       |       |    28 |    89 |   139 |   139 |    83 ||   478
       Vampiric Draining |       |       |       |     1 |    17 |       |       ||    18
       Dispel Undead     |       |       |       |       |     6 |    13 |       ||    19
       Spectral Weapon   |       |       |       |       |    44 |   155 |   112 ||   311
       Regeneration      |       |       |       |       |    27 |    87 |    84 ||   198
       Sublimation of Bl |       |       |       |       |       |    11 |       ||    11
Invok: Potion Petition   |       |       |       |       |     1 |       |     1 ||     2
       Receive Necronomi |       |       |       |       |     1 |       |       ||     1
       Renounce Religion |       |       |       |       |     1 |       |       ||     1
       Call Merchant     |       |       |       |       |       |       |     6 ||     6
 Abil: Dig               |     2 |     2 |    17 |    32 |    90 |    52 |    36 ||   231
Evoke: Wand              |       |       |       |     2 |     8 |    11 |     5 ||    26
       Lamp of fire      |       |       |       |       |       |     2 |     1 ||     3
       Sack of spiders   |       |       |       |       |       |       |     1 ||     1
       Lightning rod     |       |       |       |       |       |       |     4 ||     4
  Use: Scroll            |       |       |     1 |     6 |    11 |    18 |     9 ||    45
       Potion            |       |       |       |       |     9 |     5 |    10 ||    24
 Stab: Sleeping          |     1 |       |     3 |     5 |     2 |     4 |     4 ||    19
       Confused          |       |       |    10 |    26 |    49 |    50 |    31 ||   166
       Paralysed         |       |       |       |       |     6 |     5 |       ||    11
       Distracted        |       |       |       |       |     3 |     7 |     4 ||    14
  Eat: Chunk             |     1 |     6 |    17 |    21 |     9 |       |       ||    54
       Ration            |       |       |     2 |     1 |    13 |    15 |    11 ||    42
Armor: Leather armour    |     7 |     6 |    40 |    36 |       |       |       ||    89
       Troll leather arm |       |       |       |    33 |   375 |   249 |   109 ||   766
Dodge: Dodged            |    30 |    24 |   141 |   164 |   838 |   636 |   312 ||  2145
       Deflected         |       |       |       |       |       |    17 |    26 ||    43
Block: Buckler           |       |       |       |    59 |   310 |    71 |       ||   440
       Shield            |       |       |       |       |       |   379 |   361 ||   740
       Rpst.: Long sword |       |       |       |       |    21 |    39 |       ||    60
